 Dungeon Crawl Stone Soup version 0.27-a0-1066-g29160eaed2 (webtiles) character file.

Game seed: 5601509221584999330

305 Delamore the Shield-Bearer (level 6, 0/47 HPs)
             Began as a Formicid Fighter on Apr 24, 2021.
             Slain by a gnoll sergeant
             ... wielding a +0 spear
              (9 damage)
             ... on level 3 of the Dungeon.
             The game lasted 00:02:15 (2939 turns).

Delamore the Shield-Bearer (Formicid Fighter)       Turns: 2939, Time: 00:02:15

Health: 0/47       AC:  6    Str: 23    XL:     6   Next: 66%
Magic:  6/6        EV:  8    Int:  7    God:
Gold:   114        SH: 10    Dex: 10    Spells: 5/5 levels left

rFire    . . .     SeeInvis +   a - +0 war axe
rCold    . . .     Faith    .   c - +0 kite shield
rNeg     . . .     Spirit   .   b - +0 scale mail
rPois    .         Reflect  .   (helmet unavailable)
rElec    .         Harm     .   (no cloak)
rCorr    .         Rampage  .   (no gloves)
Will     .....                  (no boots)
Stlth    ..........             (no amulet)
HPRegen  0.15/turn              (no ring)
MPRegen  0.10/turn              (no ring)

@: no status effects
A: permanent stasis, dig shafts and tunnels, antennae 3, four strong arms
a: Dig, Shaft Self


You were on level 3 of the Dungeon.
You visited 1 branch of the dungeon, and saw 4 of its levels.

You collected 114 gold pieces.

Inventory:

Hand Weapons
 a - a +0 war axe (weapon)
Armour
 b - a +0 scale mail (worn)
 c - a +0 kite shield (worn)
Wands
 m - a wand of acid (6)
Scrolls
 g - a scroll of enchant weapon {unknown}
 j - a scroll of silence {unknown}
 k - a scroll of torment {unknown}
 l - a scroll of fog {unknown}
 o - a scroll of teleportation {unknown}
Potions
 d - a potion of might
 e - a potion of brilliance {unknown}
 f - a potion of heal wounds {unknown}
 h - a potion of attraction {unknown}
 i - a potion of resistance {unknown}
 n - a potion of flight {unknown}


   Skills:
 - Level 3.2 Fighting
 * Level 5.5 Axes
 - Level 3.2 Armour
 + Level 5.6 Shields


You had 5 spell levels left.
You didn't know any spells.
Your spell library contained the following spells:

 Spells                   Type           Power      Damage    Failure   Level
 Foxfire                  Conj/Fire      0%         2x1d4     94%         1
 Conjure Flame            Conj/Fire      0%         6-21      100%        3
 Inner Flame              Hex/Fire       0%         N/A       100%        3
 Sticky Flame             Conj/Fire      0%         2d3       100%        4
 Fireball                 Conj/Fire      0%         3d3       100%        5


Dungeon Overview and Level Annotations

Branches:
Dungeon (4/15)
 Temple: D:4-7

Altars:
Gozag


Innate Abilities, Weirdness & Mutations

You cannot be hasted, slowed, berserked, paralysed or teleported.
You can dig through walls and to a lower floor.
You have a pair of large antennae on your head. (SInv)
Your four strong arms can wield two-handed weapons with a shield.


Message History

The gnoll sergeant blocks your attack. You block the gnoll sergeant's attack.
You hit the gnoll sergeant.
The gnoll sergeant is moderately wounded.
The gnoll sergeant hits you with a +0 spear.
You block the gnoll sergeant's attack. The gnoll sergeant blocks your attack.
The gnoll sergeant is moderately wounded.
The gnoll sergeant hits you with a +0 spear!
The gnoll sergeant blocks your attack.
The gnoll sergeant is moderately wounded.
You block the gnoll sergeant's attack.
You slash the gnoll sergeant!
The gnoll sergeant is heavily wounded.
The gnoll sergeant hits you with a +0 spear!
The gnoll sergeant hits you with a +0 spear.
The gnoll sergeant blocks your attack.
The gnoll sergeant is heavily wounded.
The gnoll sergeant closely misses you.
You slash the gnoll sergeant!
The gnoll sergeant is almost dead.
You block the gnoll sergeant's attack.
The gnoll sergeant hits you with a +0 spear.
You hit the gnoll sergeant but do no damage.
The gnoll sergeant is almost dead.
You block the gnoll sergeant's attack.
You hit the gnoll sergeant but do no damage.
The gnoll sergeant is almost dead.
The gnoll sergeant hits you with a +0 spear!
Your scale mail prevents you from hitting the gnoll sergeant.
The gnoll sergeant is almost dead.
The gnoll sergeant hits you but does no damage.
You hit the gnoll sergeant but do no damage.
The gnoll sergeant is almost dead.
You block the gnoll sergeant's attack.
The gnoll sergeant hits you with a +0 spear!
* * * LOW HITPOINT WARNING * * *
You barely miss the gnoll sergeant.
The gnoll sergeant is almost dead.
The gnoll sergeant hits you with a +0 spear!
You die...

..........##+####....)...#.#
...............##.######.#.#
...).#####.....##......#.#.#
.....+.........'.......#.#.#
.....#####.....#########.#.###
###### #.<...# #.......#...# #
#.....# #.#########.#
#############'####.###### #.#
..............†.@g......# #.#
#############.####.####.# #.#
# ########.# #....#.# #.# #
#........# #..#.#.# #.# #
#........# #..#.#.# #.# #
#........# #.[#.#.####.## #
#........# #..#.).......# #
#........####..###.####### #
#..................#


You could see a gnoll sergeant.

Vanquished Creatures
  A scorpion (D:3)
  A water moccasin zombie (D:4)
  Terence (D:2)
  Natasha (thrice) (D:3)
  A gnoll (D:4)
  2 adders
  4 dart slugs
  An orc (D:3)
  6 ball pythons
  7 endoplasms
  2 giant cockroaches
  4 hobgoblins
  10 kobolds
  2 quokkas
  3 bats
  4 goblins
  3 rats
55 creatures vanquished.

Notes
Turn   | Place    | Note
-------+----------+-------------------------------------------
     0 | D:1      | Delamore the Formicid Fighter began the quest for the Orb.
     0 | D:1      | Reached XP level 1. HP: 18/18 MP: 1/1
   114 | D:1      | Reached XP level 2. HP: 24/24 MP: 2/2
   364 | D:1      | Found an opulent altar of Gozag.
   703 | D:2      | Reached XP level 3. HP: 24/29 MP: 3/3
   752 | D:2      | Noticed Terence
   759 | D:2      | Killed Terence
   799 | D:2      | Reached XP level 4. HP: 31/35 MP: 4/4
  1624 | D:3      | Noticed Natasha
  1631 | D:3      | Killed Natasha
  1632 | D:3      | Reached XP level 5. HP: 36/41 MP: 5/5
  1934 | D:3      | Noticed Natasha
  1941 | D:3      | Killed Natasha
  2091 | D:4      | Reached skill level 5 in Shields
  2091 | D:4      | Reached XP level 6. HP: 17/47 MP: 6/6
  2346 | D:3      | Reached skill level 5 in Axes
  2779 | D:3      | Noticed Natasha
  2788 | D:3      | Killed Natasha
  2939 | D:3      | Slain by a gnoll sergeant

Illustrated notes

Levels and vault maps discovered:
D:1:      minmay_arrival_radiant_lines, layout_basic, kennysheep_flooded_box
D:2:      minmay_kobold_bridge, layout_basic, uniq_terence
D:3:      layout_basic, grunt_decor_arrowhead, uniq_natasha
D:4:      layout_loops_ring, gammafunk_temple_overflow_arena

Skill      XL: |  1  2  3  4  5  6 |
---------------+-------------------+-----
Shields        | 4 5 |  5.6
Axes           | 3 4 5 |  5.5
Fighting       | |  3.2
Armour         | |  3.2

Action                   |  1- 3 |  4- 6 || total
-------------------------+-------+-------++-------
Melee: War axe           |    50 |   141 ||   191
  Use: Potion            |       |     2 ||     2
Armor: Scale mail        |    20 |    56 ||    76
Dodge: Dodged            |    18 |    46 ||    64
Block: Kite shield       |    17 |    78 ||    95

Table legend: (Time is in decaauts)
 A = Elapsed time spent in this place.
 B = Non-inter-level travel time spent in this place.
 C = Inter-level travel time spent in this place.
 D = Time resting spent in this place.
 E = Time spent auto-exploring this place.
 F = Levels seen in this place.
 G = Mean time per level.
                   A        B        C        D        E       F      G
               +--------+--------+--------+--------+--------+-----+--------+
         Total |   3027 |   2926 |    101 |    791 |   1656 |   4 |  756.8 |
       Dungeon |   3027 |   2926 |    101 |    791 |   1656 |   4 |  756.8 |
               +--------+--------+--------+--------+--------+-----+--------+

Top non-repeatable levels by time:
     D:3: 1111 daAuts
     D:2: 935 daAuts
     D:1: 544 daAuts
     D:4: 437 daAuts
